 Dungeon Crawl Stone Soup version 0.18.1-8-gdd0e5ea (webtiles) character file.

108039 Krapule the Bewitcher (level 16, -5/104 HPs)
             Began as a Vampire Enchanter on May 29, 2016.
             Was the Champion of Okawaru.
             Killed from afar by Aizul (43 damage)
             ... with a bolt of poison
             ... on level 1 of the Spider Nest on May 30, 2016.
             The game lasted 03:48:16 (29592 turns).

Krapule the Bewitcher (Vampire Enchanter)          Turns: 29592, Time: 03:48:17

Health: -5/104     AC: 20    Str: 18    XL:     16   Next: 1%
Magic:  25/29      EV: 21    Int: 27    God:    Okawaru [******]
Gold:   2954       SH: 13    Dex: 18    Spells: 6 memorised, 11 levels left

rFire  + . .     SeeInvis +     a - +7 quick blade (venom)
rCold  + . .     Gourm    .     G - +3 ring mail of the Gloaming {+Fly Str+4}
rNeg   . . .     Faith    .     D - +1 buckler {rC+}
rPois  .         Spirit   .     N - +2 hat of Daicathri {Int+4}
rElec  .         Dismiss  .     n - +2 cloak {+Inv}
rCorr  .         Reflect  +     f - +0 pair of gloves of Wugruq {rF+ MR+ Str+4}
SustAt .         Harm     .     w - +2 pair of boots {Stlth+}
MR     ++...                    z - +5 amulet of reflection
Stlth  +++++++...               i - +2 ring of protection
                                B - +3 ring of dexterity

@: lethally poisoned (-5 -> -11), regenerating quickly, very resistant to
hostile enchantments, extremely stealthy
A: fangs 3, see invisible, blink, strong 1, unbreathing, MP-powered wands
a: Blink, Heroism, Finesse, Renounce Religion, Evoke Invisibility, Evoke Flight


You were on level 1 of the Spider Nest.
You worshipped Okawaru.
Okawaru was exalted by your worship.
You were full.

You visited 5 branches of the dungeon, and saw 26 of its levels.
You also visited: Labyrinth, Ossuary, Ice Cave and Volcano.

You collected 3383 gold pieces.
You spent 429 gold pieces at shops.

Inventory:

Hand Weapons
 a - a +7 quick blade of venom (weapon)
 b - the +3 blowgun of Extermination {evade, rElec rF- rN+ MR+}
   (You bought it in a shop on level 4 of the Dungeon)

   It affects your evasion (+5 to EV).
   It makes you vulnerable to fire.
   It insulates you from electricity.
   It protects you from negative energy.
   It affects your resistance to hostile enchantments.
 x - the +7 Singing Sword
   (You found it on level 14 of the Dungeon)
 y - the +3 rapier "Acarineslayer" {pain, rN+ Str+2}
   (Okawaru gifted it to you on level 1 of the Spider Nest)

   In the hands of one skilled in necromantic magic, it inflicts extra damage on
   living creatures.
   It affects your strength (+2).
   It protects you from negative energy.
Missiles
 h - 2 needles of sleeping
 r - 8 curare-tipped needles
 A - 96 poisoned needles
 S - 4 needles of confusion
Armour
 f - the +0 pair of gloves of Wugruq (worn) {rF+ MR+ Str+4}
   (Okawaru gifted it to you on level 2 of the Lair of Beasts)

   It affects your strength (+4).
   It protects you from fire.
   It affects your resistance to hostile enchantments.
 l - the +1 leather armour "Renaomm" {rElec rF+}
   (You found it on level 4 of the Dungeon)

   It protects you from fire.
   It insulates you from electricity.
 n - a +2 cloak of invisibility (worn)
 w - a +2 pair of boots of stealth (worn)
 D - a +1 buckler of cold resistance (worn)
 G - the +3 ring mail of the Gloaming (worn) {+Fly Str+4}
   (You found it on level 8 of the Lair of Beasts)

   It affects your strength (+4).
   It lets you fly.
 J - a +2 buckler of fire resistance
 N - the +2 hat of Daicathri (worn) {Int+4}
   (Okawaru gifted it to you on level 7 of the Lair of Beasts)

   It affects your intelligence (+4).
Jewellery
 i - a +2 ring of protection (right hand)
 o - an uncursed amulet of regeneration
 s - an uncursed ring of positive energy
 z - a +5 amulet of reflection (around neck)
 B - a +3 ring of dexterity (left hand)
 R - a +3 amulet of reflection
 Y - the amulet of Agoeteux {Gourm *Corrode Dex+5 SInv}
   (You found it in a labyrinth)

   [amulet of the gourmand]

   It allows you to eat raw meat even when not hungry.
   It affects your dexterity (+5).
   It lets you see invisible.
   It may corrode you when you take damage.
Wands
 g - a wand of disintegration (9/24)
 V - a wand of teleportation (3/9)
Scrolls
 e - 17 scrolls of remove curse
 m - 13 scrolls of teleportation
 p - 5 scrolls of identify
 E - a scroll of blinking
 L - a scroll of fear
 P - 2 scrolls of fog
Potions
 c - a potion of berserk rage
 d - 3 potions of agility
 j - 2 potions of flight
 k - 10 potions of curing
 q - 7 potions of resistance
 t - 6 potions of magic
 u - 3 potions of brilliance
 v - 5 potions of heal wounds
 H - 4 potions of blood
 I - 4 potions of haste


   Skills:
 - Level 3.0 Fighting
 - Level 12.0 Short Blades
 - Level 5.0 Armour
 + Level 14.3 Dodging
 + Level 14.4 Stealth
 - Level 10.0 Shields
 + Level 9.5 Spellcasting
 - Level 15.0 Hexes
 + Level 6.5 Charms
 + Level 5.4 Translocations
 - Level 5.0 Invocations


You had 11 spell levels left.
You knew the following spells:

 Your Spells              Type           Power        Failure   Level  Hunger
a - Corona                Hex            #######      1%          1    None
b - Confuse               Hex            #######.     1%          3    None
c - Tukima's Dance        Hex            #######.     1%          3    None
d - Invisibility          Hex            #######.     2%          6    #####..
e - Passage of Golubria   Tloc           N/A          10%         4    None
f - Haste                 Chrm           #####...     86%         6    #####..


Dungeon Overview and Level Annotations

Branches:
Dungeon (14/15)            Temple (1/1) D:4            Lair (8/8) D:9
 Shoals (0/4) Lair:4       Spider (1/4) Lair:3        Slime (0/6) Lair:6
    Orc (2/2) D:9             Elf (0/3) Orc:2        Vaults (0/5) D:13

Altars:
Ashenzari
Cheibriados
Dithmenos
Elyvilon
Fedhas
Gozag
Kikubaaqudgha
Makhleb
Nemelex Xobeh
Okawaru
Pakellas
Qazlal
Ru
Sif Muna
Trog
Vehumet
Xom
Yredelemnul
Zin
The Shining One
Jiyva

Shops:
D:4 (   D:9 *   D:12 [   Orc:1 (   Orc:2 =[(*

Annotations:
Lair:5 Josephine
Spider:1 Aizul


Innate Abilities, Weirdness & Mutations

Your natural rate of healing is unusually fast.
You have razor-sharp teeth.
You have supernaturally acute eyesight.
You can survive without breathing.
You can translocate small distances at will.
Your muscles are strong. (Str +2)
You expend magic power (3 MP) to strengthen your wands.


Message History

Aizul is severely wounded.
You block Aizul's attack.
You closely miss Aizul.
Aizul is severely wounded.
Aizul casts a spell at you. The bolt of poison misses you.
You barely miss Aizul.
Aizul is severely wounded.
Aizul hits you.
You hit Aizul.
Aizul is severely wounded.
You puncture Aizul! Your bite misses Aizul.
Aizul is severely wounded.
You block Aizul's attack. Aizul casts a spell at you.
The bolt of poison misses you. Aizul casts a spell at you.
The bolt of poison hits you!
You are poisoned.
You die...

#
≈≈≈≈≈#....#........#####...##..
≈≈≈≈≈≈≈..####..#..###...#..#####
≈≈#≈#≈≈≈...###...###.......#
#≈≈#≈≈##..##...###..###..##
#≈≈≈...#.....###..## #...##
##≈≈.....#..####..# ##....#
####...##.S..##..# #....## #
###......###...#†#.###^...#
###........# ###@.....#.##..#
...........# ##...#.......#
.........(## ####..(....##
#.........# #..#.#^##
##.##.#..## #....### #########
##.... #...## #..## #..


You could see Aizul.

Vanquished Creatures
  Rupert (Lair:4)
  Kirke (Lair:7)
  2 orc warlords
  The ghost of Scuka the Alchemist, a journeyman MfTm of Makhleb (Lair:5)
  Snorg (Lair:4)
  A vault guard (D:13)
  A minotaur (Lab)
  The ghost of Scuka the Transmogrifier, a journeyman MfTm of Makhleb (Lair:1)
  An ice dragon (Lair:8)
  11 hydras
  3 catoblepae
  An ogre mage (Orc:2)
  12 death yaks
  2 orc high priests (Orc:2)
  4 tengu warriors
  Nergalle (Lair:2)
  An unseen horror (D:13)
  A hill giant (D:10)
  2 lindwurms
  4 orc knights (Orc:2)
  2 deep elf magi
  An orb spider (Spider:1)
  4 ugly things
  2 wolf spiders (Spider:1)
  5 orc sorcerers (Orc:2)
  3 griffons
  2 cyclopes
  2 manticores
  3 black mambas
  3 ice statues
  9 torpor snails
  15 spiny frogs
  9 komodo dragons
  A rime drake (Lair:1)
  The ghost of zeroDi the Covert, a novice VSAs of Okawaru (D:5)
  9 polar bears
  A jumping spider (Lair:3)
  6 trolls
  4 giant leeches (Lair:8)
  2 slime creatures (D:13)
  2 raiju (Lair:8)
  2 boulder beetles
  20 blink frogs
  5 redbacks
  A vampire (D:11)
  A wraith (D:10)
  A shadow (D:10)
  3 tarantellas (Spider:1)
  2 hogs (D:11)
  3 fire bats (Volcano)
  5 wyverns
  8 hippogriffs
  A human (D:11)
  54 yaks
  Grum (D:11)
  5 basilisks
  2 steam dragons (D:8)
  2 hungry ghosts (Lab)
  9 wargs
  2 mottled dragons
  23 water moccasins
  16 porcupines
  9 hell hounds
  28 orc warriors
  4 sky beasts
  11 ice beasts
  An eye of draining (D:10)
  3 wasps (Lair:8)
  3 phantoms
  16 black bears
  45 wolves
  A necrophage (D:13)
  17 ogres
  11 centaurs
  23 crocodiles
  A big kobold (D:11)
  19 giant frogs
  3 water moccasin zombies (Ossuary)
  A wyvern skeleton (D:11)
  A wyvern zombie (D:12)
  8 scorpions
  7 killer bees
  7 howler monkeys
  9 wights
  An electric eel (Lair:8)
  9 crimson imps
  A quasit (D:10)
  A giant frog zombie (D:9)
  A wasp zombie (D:6)
  4 centaur zombies
  5 giant frog skeletons
  5 jellies
  12 orc priests
  23 hounds
  A gnoll shaman (D:6)
  8 centaur skeletons
  Natasha (thrice) (D:2)
  8 iguanas
  28 orc wizards
  12 worker ants
  14 sheep
  2 big kobold zombies (Ossuary)
  2 hound skeletons
  2 mummies (Ossuary)
  Robin (D:2)
  A howler monkey skeleton (D:8)
  13 gnolls
  30 river rats
  13 adders
  2 shadow imps
  An ooze (D:6)
  An adder skeleton (D:7)
  9 adder zombies
  21 worms
  A giant gecko (D:4)
  82 orcs
  6 bats
  2 giant cockroaches
  3 gnoll zombies (Ossuary)
  23 goblins
  19 hobgoblins
  17 jackals
  20 kobolds
  6 quokkas
  2 ball pythons (D:1)
  A giant cockroach zombie (D:8)
  5 giant newts
  8 hobgoblin zombies (Ossuary)
  A jackal zombie (D:5)
  3 kobold zombies (Ossuary)
  8 orc zombies (Ossuary)
  A quokka zombie (D:7)
  9 rats
  A fungus (D:9)
984 creatures vanquished.

Vanquished Creatures (collateral kills)
  2 vault guards (D:13)
  An orc high priest (Orc:2)
  An orc knight (Orc:2)
  Sigmund (D:2)
  A warg (Orc:2)
  6 orc warriors
  A centaur (D:7)
  A gnoll sergeant (D:10)
  A giant frog (D:13)
  A scorpion (D:9)
  A wight (D:12)
  An orc priest (D:5)
  2 orc wizards
  5 orcs
25 creatures vanquished.

Vanquished Creatures (others)
  An orc sorcerer (Orc:2)
  5 dancing weapons
  2 humans (Lair:7)
  2 orc warriors (Orc:2)
  An orc wizard (Orc:2)
  2 orcs (Orc:1)
  14 fungi
  33 plants
60 creatures vanquished.

Grand Total: 1069 creatures vanquished

Notes
Turn   | Place    | Note
--------------------------------------------------------------
     0 | D:1      | Krapule the Vampire Enchanter began the quest for the Orb.
     0 | D:1      | Reached XP level 1. HP: 13/13 MP: 3/3
   276 | D:1      | Reached XP level 2. HP: 17/19 MP: 5/5
   684 | D:2      | Noticed Natasha
   767 | D:2      | Reached XP level 3. HP: 23/24 MP: 6/6
   776 | D:2      | Learned a level 3 spell: Confuse
   790 | D:2      | Noticed Robin
   827 | D:2      | Killed Robin
   827 | D:2      | Reached skill level 5 in Stealth
  1019 | D:2      | Reached XP level 4. HP: 26/30 MP: 7/7
  1028 | D:2      | Learned a level 3 spell: Tukima's Dance
  1057 | D:2      | Noticed Sigmund
  1066 | D:2      | Reached skill level 5 in Hexes
  1159 | D:2      | Killed Sigmund
  1159 | D:2      | Reached XP level 5. HP: 35/35 MP: 2/9
  1280 | D:2      | Killed Natasha
  1358 | D:2      | Noticed Natasha
  1378 | D:2      | Killed Natasha
  1448 | D:2      | Noticed Natasha
  1457 | D:2      | Killed Natasha
  1789 | D:3      | Reached XP level 6. HP: 41/41 MP: 10/10
  2207 | D:4      | Found Sufuw's Antique Weapon Shop.
  2212 | D:4      | Found a staircase to the Ecumenical Temple.
  2229 | Temple   | Entered the Ecumenical Temple
  2234 | Temple   | Became a worshipper of Warmaster Okawaru
  2318 | D:4      | Reached skill level 6 in Hexes
  2709 | D:4      | Got a heavily runed leather armour
  2720 | D:4      | Identified the +1 leather armour "Renaomm" {rElec rF+} (You found it on level 4 of the Dungeon)
  2969 | D:5      | Entered Level 5 of the Dungeon
  3141 | D:5      | Noticed zeroDi's ghost (novice VSAs)
  3257 | D:5      | Reached XP level 7. HP: 46/46 MP: 12/12
  3327 | D:5      | Reached * piety under Okawaru
  3441 | D:5      | Reached skill level 1 in Invocations
  3637 | D:5      | Killed zeroDi's ghost
  3637 | D:5      | Reached skill level 1 in Fighting
  3665 | D:5      | Reached skill level 1 in Armour
  3691 | D:5      | HP: 2/48 [orc priest/divine providence (14)]
  3833 | D:5      | Reached ** piety under Okawaru
  3833 | D:5      | Reached skill level 5 in Dodging
  4124 | D:5      | Reached XP level 8. HP: 55/55 MP: 14/14
  4142 | D:5      | Found an opulent altar of Gozag.
  4244 | D:5      | Reached skill level 7 in Hexes
  4509 | D:5      | Noticed a troll
  4705 | D:6      | Found a sacrificial altar of Ru.
  4964 | D:6      | Reached *** piety under Okawaru
  4964 | D:6      | Reached skill level 8 in Hexes
  4979 | D:6      | Found a sand-covered staircase.
  4990 | Ossuary  | Entered an ossuary
  5133 | Ossuary  | Reached skill level 5 in Short Blades
  5142 | Ossuary  | Reached XP level 9. HP: 44/63 MP: 15/15
  5391 | D:6      | Reached skill level 1 in Shields
  5846 | D:7      | Noticed a troll
  6039 | D:7      | Noticed a manticore
  6047 | D:7      | Killed a manticore
  6047 | D:7      | Reached **** piety under Okawaru
  6047 | D:7      | Reached skill level 9 in Hexes
  6169 | D:7      | Found a sacrificial altar of Ru.
  6171 | D:7      | Found a shattered altar of Ashenzari.
  6173 | D:7      | Found a shadowy altar of Dithmenos.
  6173 | D:7      | Found an opulent altar of Gozag.
  6173 | D:7      | Found a radiant altar of Vehumet.
  6173 | D:7      | Found a bloodstained altar of Trog.
  6174 | D:7      | Found a shimmering altar of Xom.
  6175 | D:7      | Found an ancient bone altar of Kikubaaqudgha.
  6178 | D:7      | Found a blossoming altar of Fedhas.
  6179 | D:7      | Found a stormy altar of Qazlal.
  6838 | D:8      | Reached skill level 10 in Stealth
  6838 | D:8      | Reached XP level 10. HP: 70/70 MP: 13/16
  7021 | D:4      | Bought a shimmering blowgun for 195 gold pieces
  7021 | D:4      | Bought a bone rapier for 234 gold pieces
  7021 | D:4      | Identified the +3 rapier "Piviss" {flame, *Contam Str+10} (You bought it in a shop on level 4 of the Dungeon)
  7412 | D:8      | Found a white marble altar of Elyvilon.
  7412 | D:8      | Found a sparkling altar of Nemelex Xobeh.
  7495 | D:9      | Reached skill level 10 in Hexes
  7629 | D:9      | Found a staircase to the Lair.
  7638 | D:9      | Reached skill level 5 in Spellcasting
  7646 | D:9      | Reached ***** piety under Okawaru
  7801 | D:9      | Found Uffube's General Store.
  7858 | D:9      | Received a gift from Okawaru
  7878 | D:9      | Gained mutation: You have a pair of small horns on your head. [potion of mutation]
  7878 | D:9      | Gained mutation: You are somewhat resistant to further mutation. [potion of mutation]
  7909 | D:9      | Found a staircase to the Orcish Mines.
  8057 | D:9      | Noticed a tengu warrior
  8164 | D:10     | Entered Level 10 of the Dungeon
  9087 | D:10     | Reached XP level 11. HP: 69/75 MP: 13/19
  9340 | D:10     | Noticed a hill giant
  9359 | D:10     | Killed a hill giant
  9359 | D:10     | Received a gift from Okawaru
 10062 | D:11     | Noticed Grum
 10085 | D:11     | Killed Grum
 10253 | D:11     | Reached skill level 5 in Shields
 10536 | D:9      | Killed a tengu warrior
 10608 | Lair:1   | Entered Level 1 of the Lair of Beasts
 10617 | D:9      | Received a gift from Okawaru
 10859 | D:9      | Gained mutation: Your body sometimes deteriorates upon taking damage. [mutagenic glow]
 11018 | Lair:1   | Identified the +3 blowgun of Extermination {evade, rElec rF- rN+ MR+} (You bought it in a shop on level 4 of the Dungeon)
 11195 | Lair:1   | Noticed Scuka's ghost (journeyman MfTm)
 11246 | Lair:2   | Found a labyrinth entrance.
 11255 | Lab      | Entered a labyrinth
 11688 | Lab      | Noticed a minotaur
 11696 | Lab      | Killed a minotaur
 11715 | Lab      | Got a warped bone amulet
 11716 | Lab      | Got a fine robe
 11730 | Lab      | Identified the +0 robe of the Hare {MR++ MP+9 Int+2 SInv} (You found it in a labyrinth)
 11897 | Lair:2   | Identified the amulet of Agoeteux {Gourm *Corrode Dex+5 SInv} (You found it in a labyrinth)
 11917 | Lair:2   | Learned a level 6 spell: Invisibility
 11935 | Lair:2   | Noticed Nergalle
 11976 | Lair:2   | Killed Nergalle
 12013 | Lair:2   | Noticed a four-headed hydra
 12039 | Lair:2   | Killed a four-headed hydra
 12039 | Lair:2   | Reached ****** piety under Okawaru
 12039 | Lair:2   | Received a gift from Okawaru
 12044 | Lair:2   | Got a pair of jewelled gloves {god gift}
 12050 | Lair:2   | Identified the +0 pair of gloves of Wugruq {rF+ MR+ Str+4} (Okawaru gifted it to you on level 2 of the Lair of Beasts)
 12137 | Lair:2   | Reached XP level 12. HP: 63/81 MP: 18/22
 12301 | Lair:2   | Lost mutation: You have a pair of small horns on your head. [potion of mutation]
 12301 | Lair:2   | Gained mutation: Your movements are slightly less encumbered by armour (ER -2). [potion of mutation]
 12886 | Lair:3   | Reached skill level 10 in Dodging
 13392 | Lair:3   | Found a hole to the Spider Nest.
 13803 | Lair:3   | Reached skill level 11 in Hexes
 13953 | Lair:4   | Noticed Rupert
 13973 | Lair:4   | Killed Rupert
 13973 | Lair:4   | Reached skill level 10 in Short Blades
 14257 | Lair:1   | Killed Scuka's ghost
 14279 | Lair:1   | Received a gift from Okawaru
 15252 | Lair:4   | Reached skill level 12 in Hexes
 15262 | Lair:4   | Reached XP level 13. HP: 76/86 MP: 3/23
 15527 | Lair:4   | Noticed Snorg
 15534 | Lair:4   | Killed Snorg
 15599 | Lair:4   | Found a staircase to the Shoals.
 15966 | Lair:5   | Received a gift from Okawaru
 15990 | Lair:5   | Found a dark tunnel.
 16001 | Volcano  | Entered a volcano
 16254 | Lair:5   | Noticed Scuka's ghost (journeyman MfTm)
 16576 | Lair:5   | Killed Scuka's ghost
 16576 | Lair:5   | Reached skill level 13 in Hexes
 16805 | Lair:5   | Noticed Josephine
 17741 | Lair:7   | Lost mutation: You are somewhat resistant to further mutation. [potion of cure mutation]
 17741 | Lair:7   | Lost mutation: Your body sometimes deteriorates upon taking damage. [potion of cure mutation]
 17741 | Lair:7   | Lost mutation: Your movements are slightly less encumbered by armour (ER -2). [potion of cure mutation]
 17742 | Lair:7   | Gained mutation: You can translocate small distances at will. [potion of beneficial mutation]
 17743 | Lair:7   | Gained mutation: Your muscles are strong. (Str +2) [potion of beneficial mutation]
 17765 | Lair:7   | Received a gift from Okawaru
 17773 | Lair:7   | Noticed Kirke
 17787 | Lair:7   | Noticed a sphinx
 17794 | Lair:7   | HP: 4/86 [sphinx[Kirke] (18)]
 17794 | Lair:7   | HP: 1/86 [sphinx[Kirke] (3)]
 17795 | Lair:7   | Killed Kirke
 18074 | Lair:7   | You fall through a shaft!
 18074 | Lair:8   | Entered Level 8 of the Lair of Beasts
 18291 | Lair:7   | Reached XP level 14. HP: 93/93 MP: 26/26
 18322 | Lair:7   | Received a gift from Okawaru
 18368 | Lair:7   | Got a transparent hat {god gift}
 18379 | Lair:7   | Identified the +2 hat of Daicathri {Int+4} (Okawaru gifted it to you on level 7 of the Lair of Beasts)
 18738 | D:9      | Learned a level 4 spell: Passage of Golubria
 18745 | D:9      | Learned a level 6 spell: Haste
 18786 | Orc:1    | Entered Level 1 of the Orcish Mines
 18786 | Orc:1    | Noticed an orc warlord
 18829 | Orc:1    | Killed an orc warlord
 19088 | Orc:2    | Entered Level 2 of the Orcish Mines
 19097 | Orc:1    | Reached skill level 14 in Hexes
 19102 | Orc:2    | Reached skill level 1 in Translocations
 19441 | Orc:2    | Noticed an orc warlord
 19771 | Orc:1    | Found Bahidoz's Weapon Shop.
 20104 | Orc:2    | Killed an orc warlord
 20291 | Orc:2    | Found a staircase to the Elven Halls.
 20547 | Orc:2    | Found Xoniged's Antique Armour Boutique.
 20551 | Orc:2    | Found Kentor's Assorted Antiques.
 20758 | Orc:2    | Reached skill level 5 in Invocations
 20803 | Orc:2    | Found Ryosul's Jewellery Boutique.
 20809 | Orc:2    | Reached skill level 1 in Charms
 20838 | Orc:2    | Received a gift from Okawaru
 20859 | Orc:2    | Found Ruapte's Antique Weapon Shoppe.
 21084 | Lair:6   | Found a viscous altar of Jiyva.
 21084 | Lair:6   | Found a staircase to the Slime Pits.
 22165 | Lair:8   | Reached skill level 15 in Hexes
 22205 | Lair:8   | Reached skill level 10 in Shields
 22436 | Lair:8   | Received a gift from Okawaru
 22457 | Lair:8   | Reached XP level 15. HP: 94/98 MP: 21/27
 23068 | Lair:8   | Found a runed door.
 23416 | Lair:8   | Got a shimmering ring mail
 23427 | Lair:8   | Identified the +3 ring mail of the Gloaming {+Fly Str+4} (You found it on level 8 of the Lair of Beasts)
 24881 | Lair:8   | Received a gift from Okawaru
 24881 | Lair:8   | Reached skill level 5 in Charms
 25054 | Lair:1   | Reached skill level 5 in Armour
 25104 | D:9      | Identified a scroll of acquirement
 25129 | D:9      | Gained mutation: You expend magic power (3 MP) to strengthen your wands. [mutagenic glow]
 25480 | D:11     | Received a gift from Okawaru
 26343 | D:12     | Found Vicom's Armour Shoppe.
 27223 | D:13     | Found a frozen archway.
 27294 | IceCv    | Entered an ice cave
 27330 | IceCv    | Reached skill level 5 in Translocations
 27958 | D:13     | Found a gate to the Vaults.
 29331 | Spider:1 | Entered Level 1 of the Spider Nest
 29421 | Spider:1 | Noticed Aizul
 29443 | Spider:1 | Reached XP level 16. HP: 100/104 MP: 29/29
 29458 | Spider:1 | Received a gift from Okawaru
 29461 | Spider:1 | Got a fine rapier {god gift}
 29462 | Spider:1 | Identified the +3 rapier "Acarineslayer" {pain, rN+ Str+2} (Okawaru gifted it to you on level 1 of the Spider Nest)
 29592 | Spider:1 | Killed from afar by Aizul

Skill      XL: |  1  2  3  4  5  6  7  8  9 10 11 12 13 14 15 |
---------------+----------------------------------------------+-----
Dodging        | 3 4 5 6 7 8 9 11 12 13 14 | 14.3
Stealth        | 5 6 7 8 10 12 14 | 14.4
Hexes          | 5 6 8 9 10 12 13 15 | 15.0
Short Blades   | 2 3 4 5 6 7 9 10 11 12 | 12.0
Spellcasting   | 3 4 5 7 8 9 |  9.5
Invocations    | 1 2 4 5 |  5.0
Fighting       | 1 3 |  3.0
Armour         | 1 2 3 4 5 |  5.0
Shields        | 3 4 6 7 9 10 | 10.0
Translocations | 3 5 |  5.4
Charms         | 3 6 |  6.5

Action                   |  1- 3 |  4- 6 |  7- 9 | 10-12 | 13-15 | 16-18 || total
-------------------------+-------+-------+-------+-------+-------+-------++-------
Melee: Dagger            |   136 |   224 |   436 |    37 |       |       ||   833
       Bite              |    12 |    18 |    38 |   112 |   437 |     5 ||   622
       Rapier            |       |       |       |   775 |  1504 |       ||  2279
       Headbutt          |       |       |       |   101 |       |       ||   101
       Quick blade       |       |       |       |       |   786 |    35 ||   821
 Fire: Blowgun           |       |       |       |       |     5 |       ||     5
 Cast: Corona            |     3 |       |       |       |       |       ||     3
       Confuse           |     4 |    12 |    18 |    71 |   104 |     3 ||   212
       Tukima's Dance    |       |     7 |    10 |    10 |    23 |       ||    50
       Invisibility      |       |       |       |     1 |    18 |       ||    19
Invok: Heroism           |       |       |       |       |     1 |       ||     1
Evoke: Wand              |       |       |       |     1 |     1 |       ||     2
  Use: Potion            |       |     2 |     1 |     5 |     7 |     1 ||    16
       Scroll            |       |    10 |     9 |     5 |    16 |       ||    40
 Stab: Sleeping          |     3 |    16 |    37 |    34 |    70 |       ||   160
       Confused          |     2 |     7 |    11 |    48 |    57 |       ||   125
       Distracted        |       |     1 |     5 |     6 |    13 |       ||    25
       Invisible         |       |       |       |     3 |   101 |       ||   104
       Petrifying        |       |       |       |       |     1 |       ||     1
  Eat: Corpse            |    12 |    21 |    25 |    53 |    81 |       ||   192
Armor: Robe              |    18 |    32 |       |       |       |       ||    50
       Skin              |       |     2 |       |       |       |       ||     2
       Ring mail         |       |    16 |       |       |   109 |       ||   125
       Leather armour    |       |     7 |    64 |    43 |   101 |       ||   215
Dodge: Dodged            |    57 |   138 |   187 |   388 |  1026 |    12 ||  1808
Block: Buckler           |       |       |     5 |   261 |   763 |    10 ||  1039
       Reflection        |       |       |       |     2 |     5 |     2 ||     9
